 Dungeon Crawl Stone Soup version 0.30.0-5-g1a98f26d00 (webtiles) character file.

Game seed: 11205086941825090197

1556 Peloso the Carver (level 8, -3/70 HPs)
             Began as a Minotaur Fighter on May 10, 2023.
             Was an Initiate of Okawaru.
             Slain by a wyvern (7 damage)
             ... on level 6 of the Dungeon.
             The game lasted 00:08:19 (4269 turns).

Peloso the Carver (Minotaur Fighter)                Turns: 4269, Time: 00:08:20

Health: -3/70      AC: 13    Str: 21    XL:     8   Next: 58%
Magic:  7/7        EV:  9    Int:  5    God:    Okawaru [......]
Gold:   359        SH:  6    Dex: 18    Spells: 7/7 levels left

rFire   . . .        a - +1 double sword (holy)
rCold   . . .        d - +0 buckler
rNeg    . . .        m - +0 chain mail
rPois   .            (helmet restricted)
rElec   .            (no cloak)
rCorr   .            r - +2 pair of gloves
SInv    .            (no boots)
Will    .....        (no amulet) Stlth
                     (no ring)
HPRegen 0.31/turn    l - +6 ring of dexterity
MPRegen 0.10/turn

%: no passive effects
@: no status effects
A: horns 2, retaliatory headbutt
a: Renounce Religion


You were on level 6 of the Dungeon.
You worshipped Okawaru.
Okawaru was noncommittal.
You visited 2 branches of the dungeon, and saw 7 of its levels.

You collected 359 gold pieces.

Inventory:

Hand Weapons
 a - a +1 double sword of holy wrath (weapon)
 b - a +0 long sword
 c - a +2 whip of flaming
Armour
 d - a +0 buckler (worn)
 j - a +0 scale mail
 m - a +0 chain mail (worn)
 q - the +0 pair of gloves of Ipyg {rElec rC+++ Will- rCorr}
   (You found it on level 3 of the Dungeon)

   rC:        It renders you almost immune to cold.
   rElec:     It insulates you from electricity.
   rCorr:     It protects you from acid and corrosion.
   Will:      It decreases your willpower.
 r - a +2 pair of gloves (worn)
Jewellery
 i - a ring of magical power
 l - a +6 ring of dexterity (right hand)
 n - a ring of protection from fire
 o - a +5 ring of evasion
 s - a ring of magical power
 t - a ring of positive energy
 u - a ring of ice
 v - a ring of protection from fire
Wands
 x - a wand of digging (4)
Scrolls
 f - 3 scrolls of teleportation
 g - a scroll of poison
 h - a scroll of fear
 w - 4 scrolls of identify
 y - a scroll of magic mapping
 z - a scroll of immolation {unknown}
Potions
 e - 2 potions of might
 k - a potion of curing
 p - a potion of brilliance {unknown}
 A - a potion of mutation {unknown}


   Skills:
 + Level 6.2 Fighting
 + Level 9.0 Long Blades
 + Level 6.7 Armour
 + Level 2.9 Dodging
 + Level 0.8 Stealth
 + Level 5.6 Shields


You had 7 spell levels left.
You didn't know any spells.
Your spell library contained the following spells:

 Spells                   Type           Power      Damage    Failure   Level
 Apportation              Tloc           0%         N/A       98%         1
 Necrotise                Necr           0%         1d4       98%         1
 Sublimation of Blood     Necr           0%         N/A       99%         2
 Petrify                  Tmut/Erth      0%         N/A       100%        4
 Irradiate                Conj/Tmut      0%         3d11      100%        5
 Summon Small Mammal      Summ           Unusable   N/A       N/A         1

Dungeon Overview and Level Annotations

Branches:
Dungeon (6/15)             Temple (1/1) D:5

Altars:
Cheibriados
Dithmenos
Fedhas
Hepliaklqana
Okawaru
Qazlal
Uskayaw
Yredelemnul
The Shining One

Shops:
D:3 [


Innate Abilities, Weirdness & Mutations

You have a pair of horns on your head.
You reflexively headbutt those who attack you in melee.


Message History

The adder bites you but does no damage.
The orc warrior hits you from afar with a +0 trident.
The wyvern bites you but does no damage.
You miss the orc priest.
You feel sick.
The orc wizard hits you but does no damage.
The adder closely misses you. The orc priest closely misses you.
The orc wizard gestures at you while chanting.
You resist with some effort. The wyvern bites you.
The orc warrior hits you but does no damage.
Unknown command.
The wyvern attacks as you move away! The wyvern bites you!
The orc priest attacks as you move away!
The orc priest hits you with a +0 mace.
You feel sick. The adder bites you but does no damage.
The orc wizard mumbles some strange words.
The orc wizard flickers and vanishes!
Deactivating autopickup; reactivate with Ctrl-A.
The orc wizard casts a spell at you. The magic dart hits you.
The wyvern bites you!
* * * LOW HITPOINT WARNING * * *
The adder bites you but does no damage.
The orc wizard attacks as you move away!
The orc wizard hits you with a +0 dagger.
* * * LOW HITPOINT WARNING * * *
You feel sick.
You are no longer poisoned.
You slash the orc wizard!
The orc wizard is almost dead.
You feel less confused. The wyvern barely misses you. You furiously retaliate!
You headbutt the wyvern. The orc wizard closely misses you.
You furiously retaliate!
You headbutt the orc wizard.
You kill the orc wizard!
Okawaru accepts your kill.
The orc warrior hits you from afar with a +0 trident!
* * * LOW HITPOINT WARNING * * *
The wyvern barely misses you. Something hits you but does no damage.
The wyvern attacks as you move away! You block the wyvern's attack.
The wyvern bites you!
You die...

....#......# ..
.#..##.......##..
............##...
#..#......##.(..
...###.#....).......
................o.........
................o).....$..
................Sl........
##..........#.#.@......./.
............#.##.....)....
##........................
##........................
.#........................
........#.................
........##................
........##(..............#
.......###...............


You could see an orc warrior, a wyvern, an orc priest and an adder.

Vanquished Creatures
  Grinder (D:3)
  Eustachio (D:6)
  A water moccasin (D:4)
  2 ogres
  2 phantoms
  A scorpion (D:5)
  4 killer bees (D:5)
  A jelly (D:5)
  3 hounds
  An orc priest (D:5)
  A gnoll bouda (D:5)
  A sleepcap (D:4)
  Ijyb (D:4)
  4 orc wizards
  Terence (D:3)
  6 adders
  4 gnolls (D:5)
  An ufetubus (D:4)
  3 worms
  2 dart slugs
  15 orcs
  3 ball pythons
  8 bats
  10 endoplasms
  3 giant cockroaches
  11 hobgoblins
  4 jackals
  8 kobolds
  4 quokkas
  5 frilled lizards
  7 goblins
  3 rats
122 creatures vanquished.

Notes
Turn   | Place    | Note
-------+----------+-------------------------------------------
     0 | D:1      | Peloso the Minotaur Fighter began the quest for the Orb.
     0 | D:1      | Reached XP level 1. HP: 19/19 MP: 0/0
   112 | D:1      | Reached XP level 2. HP: 27/27 MP: 1/1
   445 | D:1      | Reached XP level 3. HP: 33/33 MP: 2/2
   564 | D:1      | Reached skill level 3 in Long Blades
  1216 | D:2      | Reached XP level 4. HP: 40/40 MP: 3/3
  1431 | D:2      | Identified a scroll of acquirement
  1431 | D:2      | Acquired a +0 double sword of holy wrath
  1495 | D:3      | Found Vujes's Antique Armour Boutique.
  1559 | D:3      | Found a faded altar of an unknown god.
  1615 | D:3      | Noticed Grinder
  1630 | D:3      | Paralysed by Grinder for 3 turns
  1633 | D:3      | Killed Grinder
  1634 | D:3      | Reached skill level 5 in Long Blades
  1634 | D:3      | Reached skill level 5 in Armour
  1634 | D:3      | Reached skill level 1 in Dodging
  1634 | D:3      | Reached XP level 5. HP: 21/47 MP: 4/4
  1634 | D:3      | Reached XP level 6. HP: 23/53 MP: 5/5
  1790 | D:3      | Found a snail-covered altar of Cheibriados.
  1790 | D:3      | Found a shadowy altar of Dithmenos.
  1791 | D:3      | Found a glowing golden altar of the Shining One.
  1813 | D:3      | Identified the +0 pair of gloves of Ipyg {rElec rC+++ Will-
                  | rCorr}
  1838 | D:3      | Found a hazy altar of Hepliaklqana.
  1839 | D:3      | Found a faded altar of an unknown god.
  1985 | D:3      | Noticed Terence
  1993 | D:3      | Killed Terence
  2313 | D:4      | Reached skill level 5 in Shields
  2459 | D:4      | Found a hide-covered altar of Uskayaw.
  2593 | D:4      | Noticed a water moccasin
  2597 | D:4      | Killed a water moccasin
  2598 | D:4      | Reached skill level 6 in Long Blades
  2598 | D:4      | Reached XP level 7. HP: 36/60 MP: 6/6
  2754 | D:4      | Reached skill level 5 in Fighting
  2920 | D:4      | Noticed Ijyb
  2938 | D:4      | Killed Ijyb
  3221 | D:5      | Entered Level 5 of the Dungeon
  3319 | D:5      | Reached skill level 7 in Long Blades
  3376 | D:5      | Reached XP level 8. HP: 62/69 MP: 7/7
  3584 | D:5      | Reached skill level 8 in Long Blades
  3946 | D:5      | Found a staircase to the Ecumenical Temple.
  3960 | Temple   | Entered the Ecumenical Temple
  3979 | Temple   | Became a worshipper of Warmaster Okawaru
  4216 | D:6      | Found a blossoming altar of Fedhas.
  4252 | D:6      | Noticed Eustachio
  4261 | D:6      | Killed Eustachio
  4262 | D:6      | Reached skill level 9 in Long Blades
  4268 | D:6      | HP: 3/70 [orc warrior/+0 trident (8)]
  4269 | D:6      | Slain by a wyvern

Illustrated notes

Levels and vault maps discovered:
D:1:      minmay_arrival_up_and_down, layout_loops_cross, kennysheep_minor_cross
D:2:      layout_loops_ring
D:3:      layout_rooms, gammafunk_temple_overflow_forgotten,
          beargit_hepliaklqana_dungeon_heroes, chequers_ecumenical_altar_simple,
          serial_shops, nicolae_shop_behind_doors, uniq_terence, uniq_grinder
D:4:      minmay_opposing_rooms, layout_cave_pools, nicolae_uskayaw_dance_hall,
          uniq_ijyb
D:5:      layout_loops_ring, minmay_temple_entry_stoned_glass
D:6:      layout_cave_pools, mainiacjoe_overflow_paths,
          makhleb_blood_cavern_becter, uniq_eustachio
Temple:   oiseaux_autumnal_temple

Skill      XL: |  1  2  3  4  5  6  7  8 |
---------------+-------------------------+-----
Armour         | 4 5 6 |  6.7
Fighting       | 4 5 6 |  6.2
Long Blades    | 3 5 6 7 9 |  9.0
Shields        | 4 5 |  5.6
Dodging        | 1 2 |  2.9
Stealth        | |  0.8

Action                     |  1- 3 |  4- 6 |  7- 9 || total
---------------------------+-------+-------+-------++-------
  Melee: Long sword        |    79 |    10 |       ||    89
         Headbutt          |    13 |    17 |    20 ||    50
         Double sword      |       |    81 |   114 ||   195
    Use: Potion            |     4 |       |       ||     4
         Scroll            |       |     6 |     4 ||    10
 Armour: Scale mail        |    37 |    16 |       ||    53
         Chain mail        |       |    22 |   107 ||   129
  Dodge: Dodged            |    35 |    48 |    63 ||   146
  Block: Buckler           |    21 |    22 |    42 ||    85
